AoeStats
← VIT Liereyy

Arabian Desert

509872273Analyzed
1v1 RM · 3d ago on Sep 28, 2026· 61m 42s· 2 players
Game mode
Random Map
Map size
Tiny (2 player)
Population
200
Speed
Normal
Resources
Standard
Victory
Conquest
Starting age
Dark Age
Ending age
Imperial Age
RankedLock teamsTeams togetherTeam positionsShared explorationLock speedFull tech treeHidden civsTurbo modeCheats
Victory
Defeat
2684
+27
🇦🇹 Byzantines · Austria
2986
-27
VIT Liereyy
6:28 Loom
8:50 Feudal Age
9:20 Double-Bit Axe
9:08 Man-at-Arms
15:50 Horse Collar
16:15 Fletching
22:21 Castle Age
21:47 Padded Archer Armor
22:24 Elite Skirmisher
23:00 Bodkin Arrow
23:30 Bow Saw
23:52 Leather Archer Armor
26:01 Scale Barding Armor
34:08 Wheelbarrow
36:54 Imperial Age
36:24 Ballistics
35:53 Crossbowman
36:56 Hand Cart
38:49 Bracer
40:17 Chemistry
41:09 Ring Archer Armor
43:51 Chain Barding Armor
43:30 Heavy Camel Rider
45:52 Conscription
46:53 Plate Barding Armor
48:34 Forging
49:42 Husbandry
53:36 Iron Casting
53:49 Heavy Plow
56:45 Hoardings
60:10 Light Cavalry
Thành Cổ Quảng Trị
6:19 Loom
8:45 Feudal Age
9:16 Double-Bit Axe
15:01 Fletching
17:14 Horse Collar
21:13 Castle Age
19:28 Gold Mining
20:29 Bloodlines
21:17 Crossbowman
21:52 Bodkin Arrow
27:20 Padded Archer Armor
31:41 Wheelbarrow
32:04 Sanctity
32:58 Town Watch
37:07 Imperial Age
35:12 Bow Saw
35:59 Fervor
39:06 Chemistry
38:07 Bracer
39:15 Leather Archer Armor
40:10 Siege Engineers
41:15 Scale Barding Armor
40:56 Cavalier
43:29 Arbalester
44:53 Husbandry
45:07 Stone Mining
45:59 Chain Barding Armor
50:38 Plate Barding Armor
50:14 Forging
51:26 Ring Archer Armor
52:19 Light Cavalry
57:00 Guard Tower
57:34 Ballistics
61:10 Iron Casting
Connection lost

Rejoining the realm…

Still unreachable

The connection could not be restored.

Session expired

The server has moved on; the page needs a fresh start.